 Dungeon Crawl Stone Soup version 0.26.1-11-gd32895ea62 (webtiles) character file.

Game seed: 4589331855045857321

250 Tirrikindir the Shield-Bearer (level 6, -2/43 HPs)
             Began as an Octopode Fighter on May 24, 2021.
             Slain by an orc priest
             ... wielding a +0 club
              (7 damage)
             ... on level 4 of the Dungeon.
             The game lasted 00:08:27 (2960 turns).

Tirrikindir the Shield-Bearer (Octopode Fighter)    Turns: 2960, Time: 00:08:27

Health: -2/43      AC:  1    Str: 17    XL:     6   Next: 13%
Magic:  6/6        EV: 12    Int: 10    God:
Gold:   208        SH: 12    Dex: 12    Spells: 5/5 levels left

rFire    . . .     SeeInvis .   a - +0 long sword
rCold    . . .     Faith    .   b - +3 kite shield
rNeg     . . .     Spirit   .   (helmet restricted)
rPois    .         Reflect  .   (no amulet)
rElec    .         Harm     .   (no ring)
rCorr    .         Rampage  .   (no ring)
Will     .....                  (no ring)
Stlth    +++.......             (no ring)
HPRegen  0.14/turn              (no ring)
MPRegen  0.10/turn              (no ring)
                                (no ring)
                                (no ring)

@: hasted and slowed
A: almost no armour, stealthy swim, amphibious, 8 rings, constrict 8, camouflage
1, gelatinous body 1
a: no special abilities


You were on level 4 of the Dungeon.
You visited 1 branch of the dungeon, and saw 4 of its levels.

You collected 208 gold pieces.

Inventory:

Hand Weapons
 a - a +0 long sword (weapon)
 f - a +0 short sword
Missiles
 g - 4 curare-tipped darts (quivered)
 n - 18 poisoned darts
Armour
 b - a +3 kite shield (worn)
Wands
 o - a wand of paralysis (7)
Scrolls
 h - 2 scrolls of fear
 i - a scroll of enchant armour
 k - a scroll of magic mapping
 m - a scroll of amnesia {unknown}
Potions
 c - a potion of might
 d - a potion of berserk rage
 j - a potion of curing
 l - a potion of invisibility


   Skills:
 + Level 3.7 Fighting
 * Level 3.8 Long Blades
 + Level 3.8 Dodging
 + Level 2.9 Stealth
 + Level 3.8 Shields
 + Level 1.0 Evocations


You had 5 spell levels left.
You didn't know any spells.
Your spell library was empty.

Dungeon Overview and Level Annotations

Branches:
Dungeon (4/15)
 Temple: D:4-7

Altars:
Nemelex Xobeh


Innate Abilities, Weirdness & Mutations

You cannot wear most types of armour.
You are very stealthy in the water. (Stealth+)
You are amphibious.
You can wear up to eight rings at the same time.
You can use your tentacles to constrict eight enemies at once.
Your skin changes colour to match your surroundings (Stealth+).
Your rubbery body absorbs attacks. (AC +1, EV +1)


Message History

You hit the orc wizard.
You kill the orc wizard!
You constrict the orc.
You kill the orc!
The orc priest barely misses you.
Your Evocations skill increases to level 1!
You have reached level 6!
Your experience leads to an increase in your attributes!
Increase (S)trength, (I)ntelligence, or (D)exterity?
You feel stronger.
You barely miss the orc priest. Your grab misses the orc priest.
The orc priest mumbles some strange prayers to Beogh against you.
Pain shoots through your body!
The orc priest calls down the wrath of Beogh upon you.
Pain shoots through your body!
* * * LOW HITPOINT WARNING * * *
You feel yourself speed up. The orc priest hits you with a +0 club.
* * * LOW HITPOINT WARNING * * *
The orc priest hits you with a +0 club!
You die...

#.#. #...###.#..####
#####...##....##.. #
#...>........... #
#..####.......#...######
.............##....####.
##..##.......##..#......
.........######...###...
................ #..#.
......)@.......# #..##.
......)o<....... ......
..........###### .##...
###......## #.##
......... #. ###........
.. #......## ...#...#


You could see an orc priest.

Vanquished Creatures
  Blork the orc (D:4)
  2 orc wizards
  6 adders
  An ooze (D:1)
  2 dart slugs (D:2)
  2 leopard geckos (D:2)
  9 orcs
  3 giant cockroaches
  6 goblins
  5 hobgoblins
  2 quokkas
  3 bats
  4 frilled lizards
  5 kobolds
  9 rats
60 creatures vanquished.

Vanquished Creatures (others)
  2 plants (D:3)
2 creatures vanquished.

Grand Total: 62 creatures vanquished

Notes
Turn   | Place    | Note
-------+----------+-------------------------------------------
     0 | D:1      | Tirrikindir the Octopode Fighter began the quest for the
                  | Orb.
     0 | D:1      | Reached XP level 1. HP: 16/16 MP: 1/1
    51 | D:1      | Found a sparkling altar of Nemelex Xobeh.
   233 | D:1      | Reached XP level 2. HP: 21/21 MP: 2/2
   594 | D:1      | Reached skill level 1 in Stealth
   768 | D:2      | Reached XP level 3. HP: 23/26 MP: 3/3
   895 | D:2      | Reached XP level 4. HP: 23/31 MP: 4/4
  1921 | D:3      | Reached XP level 5. HP: 16/36 MP: 5/5
  2706 | D:4      | Noticed Blork the orc
  2889 | D:4      | Killed Blork the orc
  2959 | D:4      | Reached skill level 1 in Evocations
  2959 | D:4      | Reached XP level 6. HP: 26/43 MP: 6/6
  2960 | D:4      | Slain by an orc priest

Illustrated notes

Levels and vault maps discovered:
D:1:      eino_arrival_water_star, layout_basic, nemelex_altar_shiori
D:2:      layout_basic
D:3:      layout_loops_corners, serial_bayou, serial_bayou_pond_d,
          serial_bayou_shore_a, serial_bayou_shore_b, serial_bayou_crossing
D:4:      layout_rooms, minmay_temple_entry_drinking_statues,
          minmay_manual_mares, uniq_blork_the_orc

Skill      XL: |  1  2  3  4  5 |
---------------+----------------+-----
Stealth        | 1 2 |  2.9
Long Blades    | 3 |  3.8
Evocations     | 1 |  1.0
Fighting       | |  3.7
Dodging        | |  3.8
Shields        | |  3.8

Action                   |  1- 3 |  4- 6 || total
-------------------------+-------+-------++-------
Melee: Long sword        |    37 |    58 ||    95
       Constrict         |    12 |    19 ||    31
       Tentacles         |     7 |    10 ||    17
Throw: Dart              |       |     3 ||     3
  Use: Scroll            |     4 |    11 ||    15
       Potion            |       |     1 ||     1
 Stab: Sleeping          |     7 |     9 ||    16
Armor: Skin              |     1 |       ||     1
Dodge: Dodged            |    17 |    20 ||    37
Block: Kite shield       |    17 |    26 ||    43
       Rpst.: Long sword |     8 |     8 ||    16
